 Dungeon Crawl Stone Soup version 0.28-a0-726-g4a9143789a (webtiles) character file.

Game seed: 200596492575585577

745 kae the Sneak (level 7, -2/28 (32) HPs)
             Began as a Spriggan Enchanter on Oct 27, 2021.
             Slain by an orc (4 damage)
             ... on level 5 of the Dungeon.
             The game lasted 00:05:05 (8162 turns).

kae the Sneak (Spriggan Enchanter)                  Turns: 8162, Time: 00:05:06

HP:   -2/28 (32)    AC:  5    Str:  6    XL:     7   Next: 47%
MP:   11/15         EV: 16    Int: 17    God:
Gold: 89            SH:  8    Dex: 15    Spells: 7/15 levels left

rFire   . . .      SeeInvis +   a - +1 dagger (freeze)
rCold   . . .      Faith    .   h - +2 buckler
rNeg    . . .      Spirit   .   b - +0 robe
rPois   .          Reflect  .   (helmet restricted)
rElec   .          Harm     .   q - +2 cloak
rCorr   .          Rampage  .   (gloves unavailable)
Will    +....                   (boots unavailable)
Stlth   +++.......              (no amulet)
HPRegen 0.09/turn               (no ring)
MPRegen 0.14/turn               (no ring)

@: heavily drained, very quick
A: very small, no large weapons, unfitting armour, see invisible, speed 3
a: no special abilities


You were on level 5 of the Dungeon.
You visited 2 branches of the dungeon, and saw 7 of its levels.

You collected 271 gold pieces.
You spent 182 gold pieces at shops.

Inventory:

Hand Weapons
 a - a +1 dagger of freezing (weapon)
Armour
 b - a +0 robe (worn)
 h - a +2 buckler (worn)
 q - a +2 cloak (worn)
Jewellery
 i - a ring of resist corrosion
Wands
 o - a wand of paralysis (8)
Scrolls
 d - a scroll of enchant armour {unknown}
 e - 4 scrolls of identify
 f - 2 scrolls of teleportation
Potions
 c - a potion of invisibility
 g - 3 potions of heal wounds
 j - 3 potions of haste
 k - a potion of curing
 l - 2 potions of resistance {unknown}
 n - a potion of ambrosia
 p - 2 potions of mutation


   Skills:
 * Level 5.4 Short Blades
 - Level 2.6 Dodging
 + Level 6.8 Stealth
 + Level 2.0 Shields
 + Level 4.8 Spellcasting
 + Level 5.4 Hexes


You had 7 spell levels left.
You knew the following spells:

 Your Spells              Type           Power      Damage    Failure   Level
a - Ensorcelled Hibernat  Hex/Ice        26%        N/A       10%         2
b - Confusing Touch       Hex            22%        N/A       6%          3
c - Tukima's Dance        Hex            22%        N/A       6%          3

Your spell library contained the following spells:

 Spells                   Type           Power      Damage    Failure   Level
 Dazzling Flash           Conj/Hex       26%        N/A       21%         3
 Yara's Violent Unravell  Hex/Tmut       6%         3d5       88%         5
 Passage of Golubria      Tloc           4%         N/A       90%         4


Dungeon Overview and Level Annotations

Branches:
Dungeon (6/15)             Temple (1/1) D:4

Altars:
Ashenzari
Elyvilon
Hepliaklqana
Kikubaaqudgha
Makhleb
Okawaru
Qazlal
Ru
Sif Muna
Uskayaw
Xom
Yredelemnul
Zin
The Shining One

Shops:
D:4 !


Innate Abilities, Weirdness & Mutations

You are very small and have problems with some larger weapons.
You are too small for most types of armour.
You have supernaturally acute eyesight. (SInv)
You cover ground extremely quickly. (Speed+++)


Message History

The orc throws a boomerang.
The boomerang closely misses you. The orc closely misses you.
You climb upwards.
There is a stone staircase leading down here.
You barely miss the orc. You block the orc's attack. The orc misses you.
You hit the orc but do no damage. The orc closely misses you.
You barely miss the orc. The orc completely misses you.
The orc barely misses you.
You hit the orc. You freeze the orc.
The orc is almost dead.
The orc misses you. x2
You hit the orc. You freeze the orc.
You kill the orc!
You hit the orc. You freeze the orc.
The orc is severely wounded.
The orc hits you with a +2 morningstar of draining!
You feel drained.
You are too injured to fight recklessly!
You are too injured to fight recklessly!
You are too injured to fight recklessly!
You are too injured to fight recklessly!
You are too injured to fight recklessly!
You are too injured to fight recklessly!
Casting: Confusing Touch (dangerous; 6% risk of failure)
Confirm with . or Enter, or press ? or * to list all spells.
Aiming: Ensorcelled Hibernation (safe; 10% risk of failure)
Press: ? - help, Shift-Dir - straight line, f - orc
Aim: an orc, wielding a +2 morningstar of draining (severely wounded, chance to affect: 62%)
The orc resists with significant effort.
The orc closely misses you.
Casting: Ensorcelled Hibernation (safe; 10% risk of failure)
Confirm with . or Enter, or press ? or * to list all spells.
Aiming: Ensorcelled Hibernation (safe; 10% risk of failure)
Press: ? - help, Shift-Dir - straight line, f/p - orc
Aim: an orc, wielding a +2 morningstar of draining (severely wounded, chance to affect: 62%)
The orc resists with significant effort.
The orc hits you with a +2 morningstar of draining!
* * * LOW HITPOINT WARNING * * *
You feel drained.
You die...

##...##...# ####....##...#
##............#
..............##
#####..........### #
##...........##
##..........).##
##........#.)...#
##...##...####@..#########
##...####..####o.#........#
##..### #..##.............#
#..## ##................##
...# ####.................#
..####................(..##
.)##.....................#
.........................#
........_...............##


You could see an orc.

Vanquished Creatures
  An ogre (D:5)
  A necrophage (D:5)
  A centaur (D:5)
  A scorpion (D:4)
  2 hounds
  A bullfrog zombie (D:4)
  Crazy Yiuf (D:4)
  An orc priest (D:4)
  4 orc wizards (D:4)
  3 gnolls
  4 adders
  A white imp (D:4)
  2 adder skeletons (D:4)
  2 worms (D:4)
  3 dart slugs
  11 orcs
  4 bats
  6 endoplasms
  3 giant cockroaches (D:4)
  6 goblins
  12 hobgoblins
  5 jackals (D:3)
  5 quokkas
  7 ball pythons
  4 frilled lizards
  5 kobolds
  3 rats
99 creatures vanquished.

Vanquished Creatures (others)
  A dancing weapon (D:4)
1 creature vanquished.

Grand Total: 100 creatures vanquished

Notes
Turn   | Place    | Note
-------+----------+-------------------------------------------
     0 | D:1      | kae the Spriggan Enchanter began the quest for the Orb.
     0 | D:1      | Reached XP level 1. HP: 9/9 MP: 5/5
   341 | D:1      | Reached XP level 2. HP: 1/13 MP: 6/6
   990 | D:1      | Learned a level 2 spell: Ensorcelled Hibernation
  1258 | D:2      | Found a glowing golden altar of the Shining One.
  1638 | D:2      | Found a faded altar of an unknown god.
  1696 | D:2      | Reached XP level 3. HP: 12/16 MP: 1/8
  1838 | D:2      | Reached skill level 5 in Stealth
  2279 | D:3      | Learned a level 3 spell: Confusing Touch
  2283 | D:3      | Learned a level 3 spell: Tukima's Dance
  2814 | D:3      | Found a stormy altar of Qazlal.
  2848 | D:3      | Reached XP level 4. HP: 12/21 MP: 6/9
  3083 | D:3      | Found a large runed translucent door.
  3083 | D:3      | Found a large runed translucent door.
  3890 | D:3      | Found a sacrificial altar of Ru.
  3893 | D:3      | Found a hide-covered altar of Uskayaw.
  3960 | D:3      | Reached XP level 5. HP: 24/24 MP: 4/11
  4024 | D:3      | Reached skill level 1 in Shields
  4307 | D:4      | Found Sizxogh's Distillery.
  4314 | D:4      | Bought a potion of curing for 42 gold pieces
  4314 | D:4      | Bought a potion of haste for 140 gold pieces
  4619 | D:4      | Found a staircase to the Ecumenical Temple.
  4936 | Temple   | Entered the Ecumenical Temple
  5579 | D:4      | Found a runed translucent door.
  5580 | D:4      | Noticed Crazy Yiuf
  5932 | D:4      | Reached XP level 6. HP: 7/28 MP: 3/13
  6286 | D:4      | Reached skill level 6 in Stealth
  7075 | D:4      | Killed Crazy Yiuf
  7131 | D:5      | Entered Level 5 of the Dungeon
  7193 | D:5      | Reached skill level 5 in Hexes
  7206 | D:5      | Found a shimmering altar of Xom.
  7322 | D:4      | Reached XP level 7. HP: 5/32 MP: 7/14
  7666 | D:5      | Reached skill level 5 in Short Blades
  8162 | D:5      | Slain by an orc

Illustrated notes

Levels and vault maps discovered:
D:1:      minmay_arrival_five_plusses, layout_loops_ring
D:2:      cheibrodos_greedy_goblins, layout_loops_cross,
          hellmonk_ecumenical_altar_heavens_door, basic_altar
D:3:      layout_basic, jmf_multi_god_temple2, general_overflow_altar,
          serial_bayou_pond_e
D:4:      layout_basic, minmay_temple_entry_hall, serial_shops,
          nicolae_shop_window_shopping, uniq_crazy_yiuf_cottage
D:5:      layout_layer_cave, brannock_xom_greatest_gift
D:6:      wad_pebble_path, layout_basic, dk_noncrumbling_2,
          kennysheep_generic_room_4, uniq_sigmund
Temple:   dpeg_chambers_temple

Skill      XL: |  1  2  3  4  5  6  7 |
---------------+----------------------+-----
Spellcasting   | 3 4 |  4.8
Short Blades   | 2 3 4 5 |  5.4
Stealth        | 5 6 |  6.8
Hexes          | 4 5 |  5.4
Shields        | 1 2 |  2.0
Dodging        | |  2.6

Action                   |  1- 3 |  4- 6 |  7- 9 || total
-------------------------+-------+-------+-------++-------
Melee: Dagger            |   175 |   159 |    38 ||   372
 Cast: Ensorcelled Hiber |    20 |    54 |     3 ||    77
       Confusing Touch   |       |     5 |     1 ||     6
       Tukima's Dance    |       |     1 |       ||     1
  Use: Potion            |     1 |     1 |     1 ||     3
       Scroll            |     3 |     6 |       ||     9
 Stab: Sleeping          |    22 |    35 |     2 ||    59
       Confused          |       |     4 |     2 ||     6
       Distracted        |       |     1 |       ||     1
Armor: Robe              |     9 |     6 |     1 ||    16
Dodge: Dodged            |   125 |    87 |    15 ||   227
Block: Buckler           |    30 |    51 |     8 ||    89

Table legend: (Time is in decaauts)
 A = Elapsed time spent in this place.
 B = Non-inter-level travel time spent in this place.
 C = Inter-level travel time spent in this place.
 D = Time resting spent in this place.
 E = Time spent auto-exploring this place.
 F = Levels seen in this place.
 G = Mean time per level.
                   A        B        C        D        E       F      G
               +--------+--------+--------+--------+--------+-----+--------+
         Total |   6622 |   6514 |    108 |   2089 |   3537 |   7 |  946.0 |
       Dungeon |   6471 |   6380 |     91 |   2072 |   3425 |   6 | 1078.5 |
        Temple |    151 |    135 |     16 |     17 |    112 |   1 |  151.0 |
               +--------+--------+--------+--------+--------+-----+--------+

Top non-repeatable levels by time:
     D:4: 2617 daAuts
     D:3: 1458 daAuts
     D:1: 1022 daAuts
     D:2: 831 daAuts
     D:5: 531 daAuts
  Temple: 151 daAuts
     D:6: 10 daAuts
